| TOP OF THE 1ST |
|
Port-au-Prince Pirates batting - Pitching for Acapulco Locos : RHP Bill Sattler
|
|
Pitching: RHP Bill Sattler
|
|
|
Batting: RHB Robert Duran
|
0-0: Ball 1-0: Ball 2-0: Ball 3-0: Base on Balls
|
|
Batting: RHB Bobby Miscik
|
0-0: Ball Robert Duran is caught stealing 2nd base 2-4 1-0: Ball 2-0: Ball 3-0: Called Strike 3-1: Called Strike 3-2: Foul Ball, location: 2F 3-2: Base on Balls
|
|
Batting: RHB Dennis Tiefenthaler
|
0-0: Called Strike 0-1: Swinging Strike 0-2: Ball 1-2: Ball 2-2: Strikes out swinging
|
|
Batting: LHB John Edmonds
|
0-0: Ball 1-0: Called Strike 1-1: Ball Pickoff Throw by Catcher to First - Out!
|
| Top of the 1st over - 0 runs, 0 hits, 0 errors, 0 left on base; Port-au-Prince 0 - Acapulco 0 |
| BOTTOM OF THE 1ST |
|
Acapulco Locos batting - Pitching for Port-au-Prince Pirates : RHP Linvel Mosby
|
|
Pitching: RHP Linvel Mosby
|
|
|
Batting: RHB Dave Wilder
|
0-0: Ball 1-0: Foul Ball, location: 2F 1-1: Ball 2-1: Ground out 5-3 (Groundball, 56S, EV 78.8 MPH)
|
|
Batting: LHB Wilson Tucker
|
0-0: Called Strike 0-1: Ball 1-1: Swinging Strike 1-2: Ball 2-2: Foul Ball, location: 2F 2-2: Ground out U3 (Groundball, 3S, EV 71.9 MPH)
|
|
Batting: RHB Jim Maler
|
0-0: Swinging Strike 0-1: Ball 1-1: SINGLE (Line Drive, 56D, EV 106.3 MPH)
|
|
Batting: RHB Gary Skow
|
0-0: Foul Ball, location: 2F 0-1: Reached on error, E5 (Groundball, 56S, EV 85.6 MPH) Jim Maler to third
|
|
Batting: RHB Jorge Martinez
|
0-0: Ball 1-0: Swinging Strike 1-1: Ball 2-1: Foul Ball, location: 2F 2-2: Fly out, F8 (Line Drive, 8LM, EV 95.0 MPH)
|
| Bottom of the 1st over - 0 runs, 1 hit, 1 error, 2 left on base; Port-au-Prince 0 - Acapulco 0 |
| TOP OF THE 2ND |
|
Port-au-Prince Pirates batting - Pitching for Acapulco Locos : RHP Bill Sattler
|
|
Batting: LHB John Edmonds
|
0-0: Called Strike 0-1: Fly out, F8 (Line Drive, 8LD, EV 88.1 MPH)
|
|
Batting: RHB Ronald Carapezzi
|
0-0: Called Strike 0-1: Ball 1-1: Swinging Strike 1-2: Ball 2-2: Ground out 4-3 (Groundball, 34D, EV 84.4 MPH)
|
|
Batting: RHB Byron Peyton
|
0-0: Called Strike 0-1: Foul Ball, location: 2F 0-2: Ball 1-2: Strikes out swinging
|
| Top of the 2nd over - 0 runs, 0 hits, 0 errors, 0 left on base; Port-au-Prince 0 - Acapulco 0 |
| BOTTOM OF THE 2ND |
|
Acapulco Locos batting - Pitching for Port-au-Prince Pirates : RHP Linvel Mosby
|
|
Batting: RHB Daniel Purpura
|
0-0: Ball 1-0: Ground out 5-3 (Groundball, 56S, EV 87.5 MPH)
|
|
Batting: RHB Jackie Gutierrez
|
0-0: Called Strike 0-1: Ball 1-1: Foul Ball, location: 2F 1-2: Ball 2-2: Foul Ball, location: 2F 2-2: Ground out 6-3 (Groundball, 6S, EV 88.1 MPH)
|
|
Batting: SHB Paul Gbur
|
0-0: Ball 1-0: Swinging Strike 1-1: Hit by Pitch
|
|
Batting: RHB Enrique Collado
|
0-0: Called Strike 0-1: Swinging Strike 0-2: Fly out, F9 (Flyball, 89XD, EV 100.6 MPH)
|
| Bottom of the 2nd over - 0 runs, 0 hits, 0 errors, 1 left on base; Port-au-Prince 0 - Acapulco 0 |
| TOP OF THE 3RD |
|
Port-au-Prince Pirates batting - Pitching for Acapulco Locos : RHP Bill Sattler
|
|
Batting: LHB Tim Jordan
|
0-0: Called Strike 0-1: Ball 1-1: Ball 2-1: Fly out, F9 (Flyball, 89M, EV 86.9 MPH)
|
|
Batting: RHB Augie Schmidt
|
0-0: Called Strike 0-1: Ball 1-1: SINGLE (Line Drive, 8RS, EV 88.8 MPH)
|
|
Batting: SHB Thomas Colburn
|
0-0: Ball Augie Schmidt steals 2nd base 1-0: Called Strike 1-1: Ball 2-1: Foul Ball, location: 2F 2-2: Strikes out swinging
|
|
Batting: RHB Robert Duran
|
0-0: Foul Ball, location: 2F 0-1: Called Strike 0-2: Strikes out swinging
|
| Top of the 3rd over - 0 runs, 1 hit, 0 errors, 1 left on base; Port-au-Prince 0 - Acapulco 0 |
| BOTTOM OF THE 3RD |
|
Acapulco Locos batting - Pitching for Port-au-Prince Pirates : RHP Linvel Mosby
|
|
Batting: RHB Dave Wilder
|
0-0: Called Strike 0-1: Called Strike 0-2: Ball 1-2: Ground out 6-3 (Groundball, 6, EV 100.6 MPH)
|
|
Batting: LHB Wilson Tucker
|
0-0: Ball 1-0: Ball 2-0: Ball 3-0: Called Strike 3-1: Called Strike 3-2: Foul Ball, location: 2F 3-2: Ground out 4-3 (Groundball, 4MD, EV 105.6 MPH)
|
|
Batting: RHB Jim Maler
|
0-0: SINGLE (Flyball, 6D, EV 88.8 MPH)
|
|
Batting: RHB Gary Skow
|
0-0: Ball 1-0: Ball 2-0: Ground out U3 (Groundball, 3, EV 88.1 MPH)
|
| Bottom of the 3rd over - 0 runs, 1 hit, 0 errors, 1 left on base; Port-au-Prince 0 - Acapulco 0 |
| TOP OF THE 4TH |
|
Port-au-Prince Pirates batting - Pitching for Acapulco Locos : RHP Bill Sattler
|
|
Batting: RHB Bobby Miscik
|
0-0: Ball 1-0: Ball 2-0: Called Strike 2-1: Foul Ball, location: 2F 2-2: SINGLE (Groundball, 6S, EV 61.9 MPH) (infield hit)
|
|
Batting: RHB Dennis Tiefenthaler
|
0-0: Ball 1-0: Foul Ball, location: 2F 1-1: Ball 2-1: Foul Ball, location: 2F 2-2: SINGLE (Line Drive, 4MD, EV 105.6 MPH) Bobby Miscik to second
|
|
Batting: LHB John Edmonds
|
0-0: Ball 1-0: Ball 2-0: Ball 3-0: Base on Balls Bobby Miscik to third Dennis Tiefenthaler to second
|
|
Batting: RHB Ronald Carapezzi
|
0-0: Ball 1-0: Ball Wild Pitch! Bobby Miscik scores Dennis Tiefenthaler to third John Edmonds to second 2-0: Ball 3-0: Base on Balls
|
|
Batting: RHB Byron Peyton
|
0-0: Ball 1-0: Foul Ball, location: 2F 1-1: Ball 2-1: Foul Ball, location: 2F 2-2: Foul Ball, location: 2F 2-2: Ball 3-2: Ground out 6-3 (Groundball, 56D, EV 105.6 MPH) Dennis Tiefenthaler scores John Edmonds to third Ronald Carapezzi to second
|
|
Batting: LHB Tim Jordan
|
0-0: Foul Ball, location: 2F 0-1: Ball 1-1: Swinging Strike 1-2: Foul Ball, location: 2F 1-2: Foul Ball, location: 2F 1-2: Foul Ball, location: 2F 1-2: Ball Wild Pitch! John Edmonds scores Ronald Carapezzi to third 2-2: Foul Ball, location: 2F 2-2: SINGLE (Popup, 56D, EV 67.5 MPH) Ronald Carapezzi scores
|
|
Batting: RHB Augie Schmidt
|
0-0: Ball 1-0: Ball 2-0: Ball 3-0: Called Strike 3-1: Base on Balls Tim Jordan to second
|
|
Batting: SHB Thomas Colburn
|
0-0: Ball 1-0: Ball 2-0: Ball 3-0: Base on Balls Tim Jordan to third Augie Schmidt to second
|
|
Batting: RHB Robert Duran
|
0-0: Called Strike 0-1: Ball 1-1: Grounds into double play, 5-4-3 (Groundball, 56S, EV 80.0 MPH)
|
| Top of the 4th over - 4 runs, 3 hits, 0 errors, 2 left on base; Port-au-Prince 4 - Acapulco 0 |
| BOTTOM OF THE 4TH |
|
Acapulco Locos batting - Pitching for Port-au-Prince Pirates : RHP Linvel Mosby
|
|
Batting: RHB Jorge Martinez
|
0-0: Ball 1-0: Swinging Strike 1-1: Foul Ball, location: 2F 1-2: Ball 2-2: SINGLE (Groundball, P, EV 83.1 MPH) (infield hit)
|
|
Batting: RHB Daniel Purpura
|
0-0: Called Strike 0-1: Ball 1-1: Ball 2-1: Ball 3-1: Foul Ball, location: 2F 3-2: Ground out 3-1 (Groundball, 34S, EV 79.4 MPH) Jorge Martinez to second
|
|
Batting: RHB Jackie Gutierrez
|
0-0: Ground out U3 (Groundball, 3, EV 87.5 MPH) Jorge Martinez to third
|
|
Batting: SHB Paul Gbur
|
0-0: Swinging Strike 0-1: Ball 1-1: Ground out 4-3 (Groundball, 4S, EV 65.0 MPH)
|
| Bottom of the 4th over - 0 runs, 1 hit, 0 errors, 1 left on base; Port-au-Prince 4 - Acapulco 0 |
| TOP OF THE 5TH |
|
Port-au-Prince Pirates batting - Pitching for Acapulco Locos : RHP Bill Sattler
|
|
Batting: RHB Bobby Miscik
|
0-0: Foul Ball, location: 2F 0-1: SINGLE (Line Drive, 8RS, EV 103.8 MPH)
|
|
Batting: RHB Dennis Tiefenthaler
|
0-0: Ball Bobby Miscik steals 2nd, throwing error, E2 Bobby Miscik to third 1-0: Foul Ball, location: 2F 1-1: Ball 2-1: Foul Ball, location: 2F 2-2: Foul Ball, location: 2F 2-2: Fly out, F7 (Flyball, 7, EV 79.4 MPH) Runner from 3rd tags up, SCORES, throw by LF
|
|
Batting: LHB John Edmonds
|
0-0: Ball 1-0: Ground out 6-3 (Groundball, 6, EV 81.3 MPH)
|
|
Batting: RHB Ronald Carapezzi
|
0-0: Ball 1-0: Ball 2-0: Ball 3-0: Base on Balls
|
|
Pitching: RHP Jeffrey Orville
|
|
|
Batting: RHB Byron Peyton
|
0-0: Ball 1-0: Called Strike 1-1: Ball 2-1: Ball 3-1: Called Strike 3-2: Base on Balls Ronald Carapezzi to second
|
|
Batting: LHB Tim Jordan
|
0-0: Foul Ball, location: 2F 0-1: Ball 1-1: Ball 2-1: Ball 3-1: Foul Ball, location: 2F 3-2: Foul Ball, location: 2F 3-2: Base on Balls Ronald Carapezzi to third Byron Peyton to second
|
|
Batting: RHB Augie Schmidt
|
0-0: Ball 1-0: Foul Ball, location: 2F 1-1: Foul Ball, location: 2F 1-2: Fly out, F4 (Popup, 4M, EV 78.1 MPH)
|
| Top of the 5th over - 1 run, 1 hit, 1 error, 3 left on base; Port-au-Prince 5 - Acapulco 0 |
| BOTTOM OF THE 5TH |
|
Acapulco Locos batting - Pitching for Port-au-Prince Pirates : RHP Linvel Mosby
|
|
Batting: RHB Enrique Collado
|
0-0: Called Strike 0-1: Ball 1-1: Called Strike 1-2: Strikes out looking
|
|
Batting: RHB Dave Wilder
|
0-0: Fly out, F7 (Flyball, 7, EV 95.0 MPH)
|
|
Batting: LHB Wilson Tucker
|
0-0: Called Strike 0-1: Foul Ball, location: 2F 0-2: SINGLE (Line Drive, 7S, EV 98.1 MPH)
|
|
Batting: RHB Jim Maler
|
0-0: SINGLE (Line Drive, 89M, EV 108.8 MPH) Wilson Tucker to second Runner from 2nd tries for 3rd, SAFE, throw by CF made to third Jim Maler to second
|
|
Batting: RHB Gary Skow
|
0-0: Called Strike 0-1: Swinging Strike 0-2: Ball 1-2: Ball 2-2: Fly out, F7 (Flyball, 7, EV 91.3 MPH)
|
| Bottom of the 5th over - 0 runs, 2 hits, 0 errors, 2 left on base; Port-au-Prince 5 - Acapulco 0 |
| TOP OF THE 6TH |
|
Port-au-Prince Pirates batting - Pitching for Acapulco Locos : RHP Jeffrey Orville
|
|
Batting: SHB Thomas Colburn
|
0-0: Called Strike 0-1: Ball 1-1: Called Strike 1-2: Strikes out swinging
|
|
Batting: RHB Robert Duran
|
0-0: Called Strike 0-1: Ball 1-1: Called Strike 1-2: Fly out, F9 (Flyball, 9D, EV 83.8 MPH)
|
|
Batting: RHB Bobby Miscik
|
0-0: Ball 1-0: Called Strike 1-1: Swinging Strike 1-2: Foul Ball, location: 2F 1-2: Ball 2-2: Ground out 6-3 (Groundball, 6, EV 79.4 MPH)
|
| Top of the 6th over - 0 runs, 0 hits, 0 errors, 0 left on base; Port-au-Prince 5 - Acapulco 0 |
| BOTTOM OF THE 6TH |
|
Acapulco Locos batting - Pitching for Port-au-Prince Pirates : RHP Linvel Mosby
|
|
Batting: RHB Jorge Martinez
|
0-0: Ball 1-0: Ball 2-0: Ball 3-0: Base on Balls
|
|
Batting: RHB Daniel Purpura
|
0-0: Ball 1-0: Ball 2-0: Called Strike 2-1: Foul Ball, location: 2F 2-2: Ball 3-2: Foul Ball, location: 2F 3-2: Ground out 6-3 (Groundball, 6, EV 96.3 MPH) Jorge Martinez to second
|
|
Batting: RHB Jackie Gutierrez
|
0-0: Ball 1-0: Foul Ball, location: 2F 1-1: Called Strike 1-2: Ball 2-2: Foul Ball, location: 2F 2-2: Ball 3-2: Base on Balls
|
|
Batting: SHB Paul Gbur
|
0-0: Fly out, F7 (Flyball, 7S, EV 81.9 MPH)
|
|
Batting: RHB Enrique Collado
|
0-0: Ball 1-0: Swinging Strike 1-1: Ball 2-1: Ball 3-1: Base on Balls Jorge Martinez to third Jackie Gutierrez to second
|
|
Pitching: RHP Rafael Camarena
|
|
|
Batting: RHB Dave Wilder
|
0-0: Ball 1-0: TRIPLE (Flyball, 89XD, EV 90.0 MPH) Jorge Martinez scores Jackie Gutierrez scores Enrique Collado scores
|
|
Batting: LHB Wilson Tucker
|
0-0: Ball 1-0: Ball 2-0: Ball 3-0: Called Strike 3-1: Called Strike 3-2: Base on Balls
|
|
Batting: RHB Jim Maler
|
0-0: Ball 1-0: Ball 2-0: Foul Ball, location: 2F 2-1: Foul Ball, location: 2F 2-2: Strikes out swinging
|
| Bottom of the 6th over - 3 runs, 1 hit, 0 errors, 2 left on base; Port-au-Prince 5 - Acapulco 3 |
| TOP OF THE 7TH |
|
Port-au-Prince Pirates batting - Pitching for Acapulco Locos : RHP Jeffrey Orville
|
|
Batting: RHB Dennis Tiefenthaler
|
0-0: Ball 1-0: Ground out 5-3 (Groundball, 56S, EV 63.8 MPH)
|
|
Batting: LHB John Edmonds
|
0-0: Ball 1-0: Ball 2-0: Called Strike 2-1: Ball 3-1: Base on Balls
|
|
Batting: RHB Ronald Carapezzi
|
0-0: Called Strike John Edmonds steals 2nd base (no throw) 0-1: Ball 1-1: Ball 2-1: Ball 3-1: Foul Ball, location: 2F 3-2: Strikes out looking
|
|
Batting: RHB Byron Peyton
|
0-0: Ball 1-0: Foul Ball, location: 2F 1-1: Fly out, F9 (Flyball, 9S, EV 79.4 MPH)
|
| Top of the 7th over - 0 runs, 0 hits, 0 errors, 1 left on base; Port-au-Prince 5 - Acapulco 3 |
| BOTTOM OF THE 7TH |
|
Acapulco Locos batting - Pitching for Port-au-Prince Pirates : RHP Rafael Camarena
|
|
Batting: RHB Gary Skow
|
0-0: Reached on error, E3 (Groundball, 34S, EV 88.1 MPH)
|
|
Batting: RHB Jorge Martinez
|
0-0: Called Strike 0-1: Ball 1-1: Foul Ball, location: 2F 1-2: Ball 2-2: Ball 3-2: Base on Balls Gary Skow to second
|
|
Pitching: LHP Thomas Fiesthumel
|
|
|
Batting: RHB Daniel Purpura
|
0-0: Ball 1-0: Foul Ball, location: 2F 1-1: Ball 2-1: Grounds into double play, 6-4-3 (Groundball, 56, EV 87.5 MPH) Gary Skow to third
|
|
Batting: RHB Jackie Gutierrez
|
0-0: Ball 1-0: Foul Ball, location: 2F 1-1: Called Strike 1-2: Strikes out swinging
|
| Bottom of the 7th over - 0 runs, 0 hits, 1 error, 1 left on base; Port-au-Prince 5 - Acapulco 3 |
| TOP OF THE 8TH |
|
Port-au-Prince Pirates batting - Pitching for Acapulco Locos : RHP Jeffrey Orville
|
|
Batting: LHB Tim Jordan
|
0-0: Called Strike 0-1: Ball 1-1: Ball 2-1: Ground out U3 (Groundball, 34S, EV 91.9 MPH)
|
|
Batting: RHB Augie Schmidt
|
0-0: Called Strike 0-1: Ball 1-1: Reached on error, E6 (Groundball, 6, EV 85.0 MPH)
|
|
Pitching: RHP John Maxson
|
|
|
Batting: SHB Thomas Colburn
|
0-0: Called Strike 0-1: Ball 1-1: Fly out, F6 (Flyball, 6D, EV 88.1 MPH)
|
|
Batting: RHB Robert Duran
|
0-0: Ball 1-0: Called Strike 1-1: Foul Ball, location: 2F 1-2: Ball 2-2: Fly out, F7 (Flyball, 7, EV 90.6 MPH)
|
| Top of the 8th over - 0 runs, 0 hits, 1 error, 1 left on base; Port-au-Prince 5 - Acapulco 3 |
| BOTTOM OF THE 8TH |
|
Acapulco Locos batting - Pitching for Port-au-Prince Pirates : LHP Thomas Fiesthumel
|
|
Batting: SHB Paul Gbur
|
0-0: Ground out 5-3 (Groundball, 5, EV 90.0 MPH)
|
|
Batting: RHB Enrique Collado
|
0-0: Ball 1-0: Foul Ball, location: 2F 1-1: Called Strike 1-2: Ball 2-2: Ball 3-2: Foul Ball, location: 2F 3-2: Foul Ball, location: 2F 3-2: Foul Ball, location: 2F 3-2: Ground out 4-3 (Groundball, 4, EV 84.4 MPH)
|
|
Batting: RHB Dave Wilder
|
0-0: Ball 1-0: Fly out, F8 (Flyball, 8RD, EV 96.9 MPH)
|
| Bottom of the 8th over - 0 runs, 0 hits, 0 errors, 0 left on base; Port-au-Prince 5 - Acapulco 3 |
| TOP OF THE 9TH |
|
Port-au-Prince Pirates batting - Pitching for Acapulco Locos : RHP John Maxson
|
|
Batting: RHB Bobby Miscik
|
0-0: Ball 1-0: Ball 2-0: Ball 3-0: Called Strike 3-1: Called Strike 3-2: Foul Ball, location: 2F 3-2: Foul Ball, location: 2F 3-2: Foul Ball, location: 2F 3-2: Base on Balls
|
|
Batting: RHB Dennis Tiefenthaler
|
0-0: Ball 1-0: Called Strike 1-1: Ball 2-1: Foul Ball, location: 2F 2-2: Strikes out swinging
|
|
Batting: LHB John Edmonds
|
0-0: Ball 1-0: Ball 2-0: Fly out, F9 (Flyball, 89D, EV 92.5 MPH)
|
|
Batting: RHB Ronald Carapezzi
|
0-0: Called Strike 0-1: Foul Ball, location: 2F 0-2: Ball Bobby Miscik steals 2nd base 1-2: Strikes out swinging
|
| Top of the 9th over - 0 runs, 0 hits, 0 errors, 1 left on base; Port-au-Prince 5 - Acapulco 3 |
| BOTTOM OF THE 9TH |
|
Acapulco Locos batting - Pitching for Port-au-Prince Pirates : LHP Thomas Fiesthumel
|
|
Pitching: RHP Richard Hille
|
|
|
Now at SS: Michael Kennedy
|
|
|
Batting: LHB Wilson Tucker
|
0-0: Called Strike 0-1: Ball 1-1: Ball 2-1: Ball 3-1: Base on Balls
|
|
Batting: RHB Jim Maler
|
0-0: Foul Ball, location: 2F 0-1: Ball 1-1: Foul Ball, location: 2F 1-2: SINGLE (Groundball, 6MD, EV 111.3 MPH) Wilson Tucker to second
|
|
Batting: RHB Gary Skow
|
0-0: Called Strike 0-1: Fly out, F8 (Flyball, 89M, EV 86.9 MPH) Runner from 2nd tags up, SAFE at 3rd with throw by CF
|
|
Batting: RHB Jorge Martinez
|
0-0: Called Strike 0-1: Ball 1-1: Foul Ball, location: 2F 1-2: Ball 2-2: Ball 3-2: Ground out U3 (Groundball, 34S, EV 81.9 MPH) Wilson Tucker scores Jim Maler to second
|
|
Batting: RHB Daniel Purpura
|
0-0: Ball 1-0: Fly out, F8 (Line Drive, 8RM, EV 95.0 MPH)
|
| Bottom of the 9th over - 1 run, 1 hit, 0 errors, 1 left on base; Port-au-Prince 5 - Acapulco 4 |
|